 Dungeon Crawl Stone Soup version 0.25-a0-167-g836c352 (webtiles) character file.

Game seed: 14971964052315752497, levelgen mode: deterministic

38717 Elitist the Basher (level 14, -8/88 HPs)
             Began as a Gargoyle Fighter on Nov 25, 2019.
             Was the Champion of Ru.
             Killed by mirror damage (47 damage)
             ... on level 15 of the Dungeon.
             The game lasted 00:37:55 (15531 turns).

Elitist the Basher (Gargoyle Fighter)              Turns: 15531, Time: 00:37:55

Health: -8/88      AC: 28    Str: 24    XL:     14   Next: 3%
Magic:  6/14       EV:  7    Int: 10    God:    Ru [******]
Gold:   653        SH: 16    Dex:  9    Spells: 13/13 levels left

rFire    . . .     SeeInvis .   d - +3 morningstar (holy)
rCold    x . .     Gourm    .   c - +0 shield
rNeg     + . .     Faith    .   x - +3 ring mail of Grottiness {rF+ rCorr}
rPois    ∞         Spirit   .   (no helmet)
rElec    +         Reflect  +   b - +1 cloak {+Inv}
rCorr    +         Harm     .   i - +0 pair of gloves
MR       .....                  H - +2 pair of boots {run}
Stlth    +.........             v - +4 amulet of reflection
HPRegen  0.24/turn              t - +3 ring of evasion
MPRegen  0.14/turn              y - ring of stealth

@: exhausted, vulnerable, heavily drained, quick
A: big wings, negative energy resistance 1, electricity resistance, unbreathing,
petrification resistance, rot immunity, inability to train dodging, reduced EV
1, unskilled 1, temperature sensitive, AC +10
a: Fly, Draw Out Power, Power Leap, Apocalypse, Renounce Religion, Evoke
Invisibility


You were on level 15 of the Dungeon.
You worshipped Ru.
Ru was exalted by your worship.
You were hungry.

You visited 1 branch of the dungeon, and saw 15 of its levels.
You also visited: Bailey.

You collected 824 gold pieces.
You spent 171 gold pieces at shops.

Inventory:

Hand Weapons
 a - a +1 flail
 d - a +3 morningstar of holy wrath (weapon)
Missiles
 r - 57 poisoned darts (quivered)
 E - a throwing net
Armour
 b - a +1 cloak of invisibility (worn)
 c - a +0 shield (worn)
 i - a +0 pair of gloves (worn)
 s - a +0 cloak
 x - the +3 ring mail of Grottiness (worn) {rF+ rCorr}
   (You found it on level 5 of the Dungeon)

   It protects you from fire.
   It provides partial protection from all sources of acid and corrosion.
 F - a +2 helmet of intelligence
 H - a +2 pair of boots of running (worn)
 Z - the +5 ring mail of Theory {Int+6}
   (You found it on level 15 of the Dungeon)

   It affects your intelligence (+6).
Jewellery
 t - a +3 ring of evasion (left hand)
 v - a +4 amulet of reflection (around neck)
 y - a ring of stealth (right hand)
 I - a cursed amulet of rage
 U - a -3 ring of dexterity
 V - a cursed amulet of inaccuracy {unknown}
 X - an uncursed ring of flight {unknown}
Wands
 B - a wand of random effects (31)
 G - a wand of iceblast (2)
 P - a wand of flame (36)
 R - a wand of polymorph (15)
 S - a wand of clouds (5)
 T - a wand of digging (5)
Scrolls
 g - 3 scrolls of enchant weapon
 h - a scroll of fog {unknown}
 l - 6 scrolls of remove curse
 m - a scroll of immolation
 n - a scroll of random uselessness {unknown}
 q - 5 scrolls of teleportation
 w - 2 scrolls of fear
 z - 2 scrolls of amnesia
 A - 2 scrolls of blinking
 K - 7 scrolls of identify
 Q - a scroll of brand weapon {unknown}
 Y - a scroll of vulnerability {unknown}
Potions
 f - 4 potions of curing
 j - 2 potions of agility
 k - 2 potions of cancellation
 p - 2 potions of mutation {unknown}
 u - 2 potions of might
 C - 2 potions of heal wounds
 D - 2 potions of lignification {unknown}
 J - a potion of haste
 L - 2 potions of flight
 M - 2 potions of brilliance {unknown}
 N - a potion of invisibility
 O - 2 potions of berserk rage {unknown}
 W - 2 potions of magic {unknown}
Comestibles
 e - 27 rations


   Skills:
 + Level 10.7(9.1) Fighting
 * Level 12.5(10.8) Maces & Flails
 + Level 12.1(10.5) Armour
 + Level 12.1(10.4) Shields


You had 13 spell levels left.
You didn't know any spells.
Your spell library contained the following spells:

 Spells                   Type           Power        Failure   Level  Hunger
 Poisonous Vapours        Pois/Air       #.....       82%         2    ###....
 Conjure Flame            Conj/Fire      #.......     96%         3    ####...
 Mephitic Cloud           Conj/Pois/Air  #.......     96%         3    ####...
 Freezing Cloud           Conj/Ice/Air   #.........   100%        6    #######
 Ring of Flames           Chrm/Fire      #.........   100%        7    #######


Dungeon Overview and Level Annotations

Branches:
Dungeon (15/15)            Temple (0/1) D:5            Lair (0/6) D:9
    Orc (0/2) D:12         Vaults (0/5) D:13         Bailey (visited)
 Depths: D:15

Altars:
Ashenzari
Cheibriados
Dithmenos
Nemelex Xobeh
Okawaru
Qazlal
Ru
Trog
Uskayaw
Vehumet
Wu Jian
Xom
Zin

Shops:
D:7 =   D:10 %   D:11 (*

Annotations:
D:14 1 runed translucent door, Racauk's ghost, journeyman MiFi


Innate Abilities, Weirdness & Mutations

You are resistant to torment.
Your stone body is resilient. (AC +10)
You are immune to poison.
Your large and strong wings let you fly indefinitely.
You resist negative energy. (rN+)
You are resistant to electric shocks. (rElec)
You can survive without breathing.
You are immune to petrification.
You are immune to rotting.
You cannot train Dodging skill.
You have somewhat slow reflexes. (EV -5)
You are somewhat unskilled. (-1 Apt)
You are sensitive to extremes of temperature. (rF-, rC-)


Message History

You are too injured to fight recklessly!
You are too injured to fight recklessly!
You are too injured to fight recklessly!
You are too injured to fight recklessly!
You are too injured to fight recklessly!
You are too injured to fight recklessly!
Unknown command.
You reveal the great annihilating truth to your foes!
You kill the purple ugly thing!
The red ugly thing is paralysed by terrible understanding!
You destroy the skeletal warrior!
You have reached level 14!
Your wings grow larger and stronger.
The green ugly thing is paralysed by terrible understanding!
You destroy the skeletal warrior!
The death knight slows down under the weight of truth!
You feel drained.
The death knight reflects your damage back at you!
Ouch! That really hurt!
You die...

#....# ###....# ######......#
###......#....#
#.<.######....# #.###
##.....# . . ##.# ###..#####
... .
#..####...##############.....
.
#...........@†u)u..[...(.....
###############)p..)...z...ou
...o.########..... ####.#
.p.. #.# ... #.### .. #...# .
#.#.)...# #.#####..#


You could see a death knight and 2 ugly things.

Vanquished Creatures
  Nessos (D:15)
  Harold (D:8)
  Erica (D:8)
  9 two-headed ogres
  A centaur warrior (D:14)
  A tengu warrior (D:12)
  5 death yaks
  An orc high priest (Bailey)
  2 skeletal warriors (D:15)
  An unseen horror (D:12)
  A phantasmal warrior (D:15)
  2 necromancers (D:13)
  A deep elf mage (D:15)
  3 orc knights (Bailey)
  5 ugly things
  A manticore (D:14)
  3 cyclopes
  Maurice (D:8)
  A centaur zombie (D:14)
  A gargoyle (D:11)
  3 kobold demonologists
  An efreet (D:15)
  3 meliai
  5 trolls
  A hornet (D:9)
  2 hippogriffs
  3 vampires
  2 shadows
  10 yaks
  3 wraiths
  5 wyverns
  4 hogs (D:10)
  A basilisk (D:13)
  A human (D:10)
  3 vampire mosquitoes (D:15)
  A warg (D:12)
  A water moccasin (D:10)
  13 orc warriors
  A hornet zombie (D:15)
  6 ice beasts
  7 sky beasts
  2 phantoms
  2 eyes of draining
  A black bear (D:13)
  7 ogres
  3 crocodiles
  18 centaurs
  3 big kobolds
  10 bullfrogs
  A wyvern zombie (D:13)
  A wyvern skeleton (D:13)
  A water moccasin zombie (D:6)
  A water moccasin skeleton (D:4)
  A scorpion (D:7)
  14 killer bees
  9 wights
  5 electric eels (Bailey)
  2 howler monkeys
  8 crimson imps
  2 bullfrog zombies
  3 quasits
  6 orc priests
  2 centaur skeletons
  2 bullfrog skeletons
  6 orc wizards
  3 hounds
  3 jellies
  5 iguanas
  Natasha (twice) (D:4)
  7 worker ants
  A worker ant zombie (D:8)
  13 adders
  7 gnolls
  A shadow imp (D:14)
  An ooze (D:3)
  An adder zombie (D:7)
  An adder skeleton (D:5)
  3 dart slugs (D:3)
  3 worms
  5 leopard geckos
  28 orcs
  8 bats
  13 giant cockroaches
  22 goblins
  12 hobgoblins
  12 jackals
  11 kobolds
  4 ball pythons
  10 frilled lizards
  A leopard gecko skeleton (D:4)
  3 quokka skeletons
  5 rats
413 creatures vanquished.

Vanquished Creatures (others)
  A death yak (D:9)
  An unseen horror (D:14)
  A black bear (D:13)
  4 centaurs
  2 orcs
  A goblin (Bailey)
  A hobgoblin (Bailey)
  2 kobolds
13 creatures vanquished.

Grand Total: 426 creatures vanquished

Notes
Turn   | Place    | Note
-------+----------+-------------------------------------------
     0 | D:1      | Elitist the Gargoyle Fighter began the quest for the Orb.
     0 | D:1      | Reached XP level 1. HP: 14/14 MP: 1/1
   226 | D:1      | Reached XP level 2. HP: 19/19 MP: 2/2
   533 | D:2      | Reached XP level 3. HP: 17/24 MP: 3/3
   734 | D:2      | Found a snail-covered altar of Cheibriados.
   883 | D:2      | Reached XP level 4. HP: 28/29 MP: 4/4
  1323 | D:3      | Reached XP level 5. HP: 34/34 MP: 5/5
  1371 | D:3      | Reached skill level 5 in Fighting
  1540 | D:3      | Found a shadowy altar of Dithmenos.
  1573 | D:3      | Found a sacrificial altar of Ru.
  1589 | D:3      | Became a worshipper of Ru the Awakened
  1617 | D:3      | Found a radiant altar of Vehumet.
  2189 | D:4      | Reached XP level 6. HP: 39/40 MP: 6/6
  2341 | D:4      | Found a sparkling altar of Nemelex Xobeh.
  2558 | D:4      | Reached skill level 5 in Maces & Flails
  2721 | D:4      | Found a bloodstained altar of Trog.
  2753 | D:4      | Noticed Natasha
  2758 | D:4      | Killed Natasha
  2945 | D:4      | Gained mutation: You are somewhat unskilled. (-1 Apt) [Ru
                  | sacrifice]
  2945 | D:4      | Reduced skill Fighting to level 5
  2945 | D:4      | Reached * piety under Ru
  2945 | D:4      | Reached ** piety under Ru
  3030 | D:4      | Noticed Natasha
  3038 | D:4      | Killed Natasha
  3038 | D:4      | Reached XP level 7. HP: 42/45 MP: 7/7
  3109 | D:5      | Entered Level 5 of the Dungeon
  3127 | D:5      | Noticed a wraith
  3156 | D:5      | Killed a wraith
  3156 | D:5      | Reached skill level 5 in Maces & Flails
  3442 | D:5      | Identified the +3 ring mail of Grottiness {rF+ rCorr} (You
                  | found it on level 5 of the Dungeon)
  3493 | D:5      | Reached XP level 8. HP: 43/52 MP: 8/8
  3622 | D:5      | Found a staircase to the Ecumenical Temple.
  3977 | D:5      | Found an iron altar of Okawaru.
  4782 | D:7      | Found a glowing silver altar of Zin.
  4837 | D:7      | Found an ornate altar of the Wu Jian Council.
  4896 | D:7      | Reached XP level 9. HP: 59/60 MP: 9/9
  5073 | D:7      | Found a hide-covered altar of Uskayaw.
  5073 | D:7      | Noticed a +0 dagger
  5074 | D:7      | Noticed a +0 dagger
  5132 | D:7      | Found Pyostun's Jewellery Emporium.
  5146 | D:7      | Upgraded the game from 0.25-a0-166-g16436c4 to
                  | 0.25-a0-167-g836c352
  5569 | D:8      | Noticed Harold
  5589 | D:8      | Killed Harold
  5643 | D:8      | Noticed Erica
  5685 | D:8      | Killed Erica
  5685 | D:8      | Reached skill level 5 in Armour
  5685 | D:8      | Reached skill level 5 in Shields
  5685 | D:8      | Reached XP level 10. HP: 23/65 MP: 10/10
  6097 | D:8      | Noticed Maurice
  6162 | D:8      | Paralysed by Maurice for 2 turns
  6417 | D:8      | Gained mutation: You cannot train Dodging skill. [Ru
                  | sacrifice]
  6417 | D:8      | Reached *** piety under Ru
  6436 | D:8      | Killed Maurice
  6621 | D:8      | Reached skill level 10 in Maces & Flails
  6739 | D:9      | Noticed a two-headed ogre
  6758 | D:9      | Noticed a death yak
  6758 | D:9      | Noticed a death yak
  6758 | D:9      | Noticed a death yak
  6758 | D:9      | Noticed a death yak
  6758 | D:9      | Noticed a death yak
  6758 | D:9      | Noticed a death yak
  6802 | D:8      | Killed a death yak
  7090 | D:9      | Noticed a two-headed ogre
  7139 | D:9      | Killed a two-headed ogre
  7187 | D:9      | Found a flagged portal.
  7237 | Bailey   | Entered a bailey
  7346 | Bailey   | Noticed an orc knight
  7371 | Bailey   | Killed an orc knight
  7371 | Bailey   | Reached XP level 11. HP: 64/69 MP: 11/11
  7405 | Bailey   | Found an iron altar of Okawaru.
  7405 | Bailey   | Noticed an orc high priest
  7408 | Bailey   | Noticed a sixfirhy
  7441 | Bailey   | Noticed a sun demon
  7450 | Bailey   | Noticed an orc knight
  7462 | Bailey   | Killed an orc knight
  7725 | Bailey   | Noticed an orc knight
  7751 | Bailey   | Killed an orc knight
  7871 | Bailey   | Noticed a soul eater
  7881 | Bailey   | Killed an orc high priest
  8930 | D:9      | Killed a death yak
  8939 | D:9      | Killed a death yak
  8962 | D:9      | Killed a death yak
  8969 | D:9      | Killed a death yak
  8998 | D:9      | Killed a death yak
  9224 | D:9      | Found a staircase to the Lair.
  9236 | D:9      | Killed a two-headed ogre
  9236 | D:9      | Reached skill level 10 in Armour
  9236 | D:9      | Reached skill level 10 in Shields
  9236 | D:9      | Reached XP level 12. HP: 75/75 MP: 12/12
  9265 | D:9      | Noticed a two-headed ogre
  9277 | D:9      | Killed a two-headed ogre
  9281 | D:9      | Noticed a two-headed ogre
  9321 | D:9      | Killed a two-headed ogre
  9785 | D:9      | Gained mutation: You are sensitive to extremes of
                  | temperature. (rF-, rC-) [Ru sacrifice]
  9785 | D:9      | Reached **** piety under Ru
  9785 | D:9      | Reached ***** piety under Ru
  9919 | D:10     | Entered Level 10 of the Dungeon
  9971 | D:10     | Noticed a two-headed ogre
  9995 | D:10     | Killed a two-headed ogre
 10193 | D:10     | Found Kabom's Food Shop.
 10524 | D:10     | Found a stormy altar of Qazlal.
 10632 | D:11     | Found Depnebex's Weapon Boutique.
 10636 | D:11     | Found Oceus's Assorted Antiques.
 10644 | D:11     | Bought a short brass wand for 140 gold pieces
 10644 | D:11     | Bought a fuming coppery potion for 31 gold pieces
 10652 | D:11     | Noticed a two-headed ogre
 10660 | D:11     | Killed a two-headed ogre
 11548 | D:12     | Noticed a two-headed ogre
 11559 | D:12     | Killed a two-headed ogre
 11725 | D:12     | Reached XP level 13. HP: 80/80 MP: 13/13
 11946 | D:12     | Found a staircase to the Orcish Mines.
 12015 | D:12     | Identified a +1 pair of boots of running (You acquired it
                  | on level 12 of the Dungeon)
 12057 | D:12     | Gained mutation: You have somewhat slow reflexes. (EV -5)
                  | [Ru sacrifice]
 12057 | D:12     | Reached ****** piety under Ru
 12811 | D:13     | Reached skill level 10 in Fighting
 12959 | D:13     | Found a gate to the Vaults.
 13251 | D:13     | Identified the +8 whip "Kihotor" {vamp, Stlth+}
 13512 | D:14     | Found a runed translucent door.
 13513 | D:14     | Found a shimmering altar of Xom.
 13513 | D:14     | Noticed Racauk's ghost (journeyman MiFi)
 14920 | D:15     | Entered Level 15 of the Dungeon
 14965 | D:15     | Found a shimmering altar of Xom.
 15092 | D:15     | Got an ancient ring mail
 15093 | D:15     | Identified the +5 ring mail of Theory {Int+6} (You found it
                  | on level 15 of the Dungeon)
 15112 | D:15     | Noticed Nessos
 15130 | D:15     | Found a shattered altar of Ashenzari.
 15146 | D:15     | Killed Nessos
 15531 | D:15     | Gained mutation: Your large and strong wings let you fly
                  | indefinitely. [Gargoyle growth]
 15531 | D:15     | Reached XP level 14. HP: 39/88 MP: 14/14
 15531 | D:15     | Killed by mirror damage

Levels and vault maps discovered:
D:1:      psy_arrival_statuary, layout_basic
D:2:      layout_loops_cross, nicolae_overflow_crystal_walls, first_ration
D:3:      layout_loops_ring, lemuel_crystal_altar,
          nicolae_dithmenos_through_a_glass_darkly, old_standard_altar,
          minmay_fractal_squares_5
D:4:      layout_basic, bloody_trog, lemuel_coloured_pillars_altar, uniq_natasha
D:5:      layout_rooms, old_standard_altar, minmay_temple_entry_antechambers,
          minmay_bent
D:6:      layout_cave_pools
D:7:      layout_rooms, dancing_weapons_uskayaw, lemuel_round_altar,
          lemuel_crystal_altar, serial_shops, shop
D:8:      layout_loops_ring, uniq_erica, uniq_maurice, uniq_harold
D:9:      layout_long_grid, dpeg_lair_monsters, enter_bailey_3
D:10:     layout_rooms, serial_shops, shop, grunt_livestock,
          nicolae_qazlal_eye_of_the_storm
D:11:     layout_loops_cross, serial_shops, shop, shop
D:12:     layout_cave_pods, david_orc_1_choice, minivault_25
D:13:     layout_roguey, david_vaults_1
D:14:     layout_layer_cave, ebering_ghost_xom
D:15:     grunt_enter_depths_snipers, layout_rooms, basic_altar,
          evilmike_ruin_ashenzari, uniq_nessos

Skill      XL: |  1  2  3  4  5  6  7  8  9 10 11 12 13 |
---------------+----------------------------------------+-----
Fighting       | 4 5 5 6 8 9 10 | 10.7
Maces & Flails | 3 4 4 5 7 9 10 11 12 | 12.5
Armour         | 5 7 10 11 12 | 12.1
Shields        | 5 7 10 11 12 | 12.1

Action                   |  1- 3 |  4- 6 |  7- 9 | 10-12 | 13-15 || total
-------------------------+-------+-------+-------+-------+-------++-------
Melee: Flail             |   116 |   250 |   531 |   429 |       ||  1326
       Morningstar       |       |       |       |   489 |   419 ||   908
Throw: Dart              |       |     3 |       |     7 |     2 ||    12
Invok: Sacrifice Skill   |       |     1 |       |       |       ||     1
       Draw Out Power    |       |       |       |     6 |       ||     6
       Sacrifice Nimblen |       |       |       |     1 |       ||     1
       Sacrifice Resista |       |       |       |     1 |       ||     1
       Apocalypse        |       |       |       |       |     3 ||     3
       Sacrifice Health  |       |       |       |       |     1 ||     1
 Abil: Evoke Invisibilit |       |       |       |     4 |       ||     4
  Use: Scroll            |     3 |     1 |     1 |    11 |     5 ||    21
       Potion            |       |       |     1 |     7 |       ||     8
 Stab: Distracted        |       |       |     1 |     1 |     1 ||     3
       Invisible         |       |       |       |    13 |     1 ||    14
       Sleeping          |       |       |       |     2 |       ||     2
       Paralysed         |       |       |       |       |     3 ||     3
  Eat: Chunk             |       |     8 |     9 |    19 |    12 ||    48
       Ration            |       |       |       |     1 |       ||     1
Armor: Scale mail        |    69 |   122 |    54 |       |       ||   245
       Ring mail         |       |       |   173 |   225 |   180 ||   578
Dodge: Dodged            |    37 |    75 |   188 |   241 |    68 ||   609
Block: Shield            |    65 |   121 |   400 |   562 |   294 ||  1442
       Reflection        |       |       |     2 |    12 |    23 ||    37

Table legend:
 A = Non-vault XP
 B = Vault XP
 C = Vault XP percentage of total XP
 D = Non-vault monster count
 E = Vault monster count
 F = Vault count percentage of total count
                 A         B        C        D         E       F
            +---------+---------+-------+---------+---------+-------
      Total |   39012 |   16299 |  29.5 |     333 |      85 |  20.3
            +---------+---------+-------+---------+---------+-------
        D:1 |      31 |       0 |   0.0 |      18 |       0 |   0.0
        D:2 |      62 |       0 |   0.0 |      18 |       0 |   0.0
        D:3 |     135 |      33 |  19.6 |      31 |       5 |  13.9
        D:4 |     330 |      36 |   9.8 |      13 |       1 |   7.1
        D:5 |    1041 |      78 |   7.0 |      19 |       5 |  20.8
        D:6 |     328 |       0 |   0.0 |      12 |       0 |   0.0
        D:7 |     832 |       0 |   0.0 |      22 |       0 |   0.0
        D:8 |    1789 |    3234 |  64.4 |      29 |       4 |  12.1
        D:9 |    5687 |    4252 |  42.8 |      25 |       9 |  26.5
       D:10 |    2395 |     900 |  27.3 |      16 |       5 |  23.8
       D:11 |    3945 |       0 |   0.0 |      22 |       0 |   0.0
       D:12 |    6382 |     429 |   6.3 |      28 |       9 |  24.3
       D:13 |    3063 |    1685 |  35.5 |      23 |       3 |  11.5
       D:14 |    6457 |       0 |   0.0 |      28 |       0 |   0.0
       D:15 |    6535 |    1366 |  17.3 |      29 |       2 |   6.5
     Bailey |       0 |    4286 | 100.0 |       0 |      42 | 100.0
            +---------+---------+-------+---------+---------+-------
